Map: Honorgrounds LE

Players

Maplez - Winner!

  • Race: Protoss Protoss
  • League: Master
  • Spawn Location: 5:00

Magikagus

  • Race: Zerg Zerg
  • League: Master
  • Spawn Location: 1:00

VOD

Have the link to the VOD?

Description

Time

  • Played on: Feb. 28, 2017, 8:48 p.m.
  • Length: 8:54
Show
View Real Time Build Order
Export as new Build Order

Maplez Protoss - Winner!

Build Orders: 1 Gate Expand, Zealot Archon 

Get SALT Encoding   

  12  0:01  Probe (Chrono Boost)  
  13  0:11  Probe (Chrono Boost)  
  14  0:18  Pylon  
  14  0:23  Probe (Chrono Boost)  
  15  0:37  Probe (Chrono Boost)  
  15  0:39  Gateway  
  16  0:47  Probe (Chrono Boost)  
  16  0:48  Assimilator  
  17  0:58  Probe (Chrono Boost)  
  18  1:08  Probe (Chrono Boost)  
  19  1:19  Probe (Chrono Boost)  
  20  1:26  Nexus  
  20  1:30  Probe (Chrono Boost)  
  21  1:39  Cybernetics Core  
  21  1:42  Probe (Chrono Boost)  
  22  1:47  Assimilator  
  22  1:53  Pylon  
  22  1:56  Probe (Chrono Boost)  
  23  2:12  Adept  
  23  2:13  Probe (Chrono Boost)  
  26  2:16  Warp Gate  
  26  2:24  Twilight Council  
  26  2:25  Probe (Chrono Boost)  
  28  2:37  Stalker, Probe (Chrono Boost)  
  30  2:45  Probe (Chrono Boost)  
  30  2:49  Probe (Chrono Boost)  
  32  2:52  Resonating Glaives  
  32  2:56  Probe (Chrono Boost)  
  33  3:01  Probe (Chrono Boost)  
  34  3:06  Adept  
  34  3:08  Probe (Chrono Boost)  
  34  3:12  Probe (Chrono Boost)  
  39  3:20  Probe (Chrono Boost)  
  39  3:22  Probe (Chrono Boost)  
  40  3:31  Pylon, Probe (Chrono Boost)  
  42  3:34  Probe (Chrono Boost)  
  42  3:41  Probe (Chrono Boost)  
  42  3:46  Probe (Chrono Boost)  
  42  3:52  Probe (Chrono Boost)  
  42  3:53  Gateway x2  
  43  4:00  Mothership Core (Chrono Boost)  
  46  4:02  Probe (Chrono Boost)  
  46  4:05  Pylon  
  46  4:13  Probe (Chrono Boost)  
  46  4:15  Pylon  
  47  4:20  Probe (Chrono Boost)  
  47  4:23  Probe (Chrono Boost)  
  49  4:26  Sentry  
  51  4:32  Probe (Chrono Boost)  
  51  4:34  Probe (Chrono Boost)  
  51  4:36  Pylon  
  51  4:37  Pylon  
  50  4:38  Pylon  
  50  4:40  Pylon  
  50  4:41  Pylon  
  50  4:44  Pylon  
  50  4:47  Pylon  
  50  4:48  Pylon  
  50  4:50  Pylon  
  50  4:52  Pylon  
  50  4:53  Pylon, Sentry  
  50  4:54  Sentry  
  50  4:55  Pylon  
  54  5:13  Pylon  
  54  5:16  Zealot  
  54  5:17  Zealot  
  58  5:26  Assimilator, Probe (Chrono Boost)  
  58  5:27  Probe (Chrono Boost)  
  60  5:29  Assimilator  
  60  5:30  Gateway  
  60  5:31  Gateway  
  60  5:34  Gateway  
  60  5:38  Gateway  
  60  5:39  Gateway  
  60  5:42  Gateway  
  60  5:46  Pylon  
  60  5:47  Zealot x2  
  64  5:51  Cybernetics Core  
  64  5:54  Probe (Chrono Boost)  
  64  5:57  Probe (Chrono Boost)  
  66  6:07  Pylon, Probe (Chrono Boost)  
  66  6:09  Probe (Chrono Boost)  
  68  6:12  Forge  
  69  6:19  Probe (Chrono Boost)  
  69  6:28  Probe (Chrono Boost)  
  69  6:30  Adept x2  
  69  6:31  Protoss Shields Level 1, Adept x3, Charge  
  80  6:38  Adept x2  
  84  6:43  Templar Archives  
  83  7:03  Nexus  
  83  7:05  Pylon  
  83  7:08  Probe (Chrono Boost)  
  84  7:11  Probe (Chrono Boost)  
  85  7:20  Photon Cannon, Probe (Chrono Boost)  
  87  7:23  Probe (Chrono Boost)  
  87  7:25  High Templar x4  
  87  7:27  Adept  
  87  7:29  Adept  
  99  7:30  Archon x2  
  99  7:32  Probe (Chrono Boost)  
  101  7:37  Probe (Chrono Boost)  
  102  7:44  Probe (Chrono Boost)  
  102  7:51  High Templar x2, Adept  
  106  7:54  Probe (Chrono Boost)  
  106  7:55  Archon  
  106  7:58  Robotics Facility  
  109  8:02  Adept x2  
  109  8:03  Adept x2  
  117  8:09  Pylon  
  117  8:12  Assimilator  
  117  8:15  Assimilator  
  117  8:19  Adept  
  113  8:41  Adept  
  113  8:42  Adept x6  
Show
View Real Time Build Order
Export as new Build Order

Magikagus Zerg 

Build Orders: Hatch First, Zergling Baneling 

Get SALT Encoding   

  12  0:01  Drone  
  13  0:13  Overlord  
  13  0:17  Drone  
  14  0:31  Drone x2  
  14  0:35  Drone  
  17  0:54  Hatchery  
  17  0:56  Drone  
  17  0:59  Drone  
  18  1:11  Extractor  
  18  1:15  Spawning Pool  
  18  1:18  Drone  
  17  1:21  Drone  
  18  1:28  Drone  
  19  1:40  Overlord  
  19  1:51  Drone  
  20  2:04  Zergling x2  
  20  2:07  Queen x2  
  25  2:11  Drone  
  26  2:17  Metabolic Boost  
  26  2:19  Drone  
  26  2:20  Drone  
  28  2:23  Drone  
  29  2:31  Drone  
  29  2:36  Drone  
  31  2:39  Drone  
  32  2:48  Hatchery  
  30  2:56  Baneling Nest, Zergling x2  
  30  2:57  Zergling x2  
  31  2:59  Zergling x2  
  32  3:10  Overlord x2  
  32  3:31  Zergling x14  
  37  3:50  Overlord  
  37  3:51  Zergling x4  
  39  3:58  Zergling x8  
  43  4:06  Baneling x4  
  43  4:07  Baneling x4  
  43  4:09  Zergling x6  
  47  4:10  Zergling x4  
  47  4:14  Queen  
  50  4:25  Zergling x8  
  50  4:36  Zergling x10  
  53  4:48  Overlord  
  53  4:49  Drone x3  
  52  5:06  Zergling x14  
  56  5:13  Evolution Chamber  
  51  5:14  Drone  
  51  5:15  Drone  
  47  5:32  Lair  
  47  5:36  Extractor  
  47  5:37  Drone x7  
  47  5:40  Drone  
  54  5:44  Zerg Melee Weapons Level 1  
  54  5:50  Drone  
  54  5:51  Drone  
  56  6:00  Drone  
  56  6:04  Overlord x2  
  57  6:21  Overlord x2  
  57  6:24  Drone x11  
  68  6:34  Centrifical Hooks  
  68  6:40  Extractor  
  68  6:43  Drone x7  
  68  6:45  Drone  
  68  6:46  Drone  
  76  6:47  Drone  
  71  7:04  Zergling x2  
  71  7:05  Zergling x18  
  81  7:10  Pneumatized Carapace  
  81  7:16  Baneling x7  
  81  7:22  Overlord x4  
  81  7:23  Overlord  
  81  7:29  Hatchery  
  80  7:33  Overlord x2  
  80  7:36  Baneling x7  
  80  7:49  Overlord x2  
  80  7:50  Zergling x2  
  80  7:51  Zergling x20  
  91  8:10  Extractor  
  91  8:11  Extractor x2  
  91  8:12  Drone x2  
  90  8:13  Drone x3  
  90  8:14  Drone  
  90  8:15  Drone x3  
  92  8:25  Zergling x10  
  96  8:27  Baneling x9  
Tags
 
Add a new tag
Caveats
  • Supply blocks, unpowered buildings, or Contaminate may cause inaccurate times.
  • Supply counts are checked every 10 seconds.